 Dungeon Sprint DCSS version 0.17-a0-1711-gc5340a3 (webtiles) character file.

36926 patman the Warrior (level 13, -3/88 HPs)
             Began as a Vine Stalker Assassin on Aug 22, 2015.
             Was the Champion of Trog.
             Slain by a stone giant (15 damage)
             ... in the Dungeon (Sprint IX: "|||||||||||||||||||||||||||||").
             The game lasted 00:13:32 (2995 turns).

patman the Warrior (Vine Stalker Assassin)          Turns: 2995, Time: 00:13:32

Health: -3/88      AC: 28    Str: 14    XL:     13   Next: 93%
Magic:  0/14       EV: 12    Int: 13    God:    Trog [******]
Gold:   1800       SH:  0    Dex: 21    Spells: 0 memorised, 12 levels left

rFire  . . .     SeeInvis +     a - +5 lajatang of Ruckum {slice, +Fly Int+2 SInv}
rCold  . . .     Clarity  .     d - +3 chain mail
rNeg   . . .     SustAt   .     (no shield)
rPois  .         Gourm    .     v - +1 helmet
rElec  .         Spirit   +     I - +1 cloak
rCorr  .         Warding  .     w - +2 pair of gloves
rMut   .         NoTele   +     F - +0 pair of boots
MR     ++++.                    (no amulet)
Stlth  ..........               (no ring)
                                x - ring of protection from magic

@: regenerating, incredibly resistant to hostile enchantments, extremely
unstealthy
A: fangs 3, regeneration 3, magic shield, antimagic bite, no device heal 3, rot
immunity
a: Burn Spellbooks, Berserk, Trog's Hand, Brothers in Arms, Renounce Religion,
Evoke Flight


You were in the Dungeon.
You worshipped Trog.
Trog was exalted by your worship.
You were not hungry.

You visited 1 branch You collected 1800 gold pieces.

Inventory:

Hand weapons
 a - the +5 lajatang of Ruckum (weapon) {slice, +Fly Int+2 SInv}
   (Trog gifted it to you in the Dungeon)

   It inflicts extra damage upon your enemies.
   It affects your intelligence (+2).
   It lets you see invisible.
   It lets you fly.
 b - a +6 antimagic lajatang
 C - the +5 quarterstaff of Joyful Slaughter {crush, Str+2 Dex+2}
   (Trog gifted it to you in the Dungeon)

   It inflicts extra damage upon your enemies.
   It affects your strength (+2).
   It affects your dexterity (+2).
 G - a +2 dagger
 L - the +1 lajatang "Jelly's Nightmare" {venom, rN++ Str+3}
   (Trog gifted it to you in the Dungeon)

   It poisons the flesh of those it strikes.
   It affects your strength (+3).
   It greatly protects you from negative energy.
 M - a +0 blowgun
Missiles
 e - 8 poisoned needles
 f - a curare-tipped needle
Armour
 d - a +3 chain mail (worn)
 v - a +1 helmet (worn)
 w - a +2 pair of gloves (worn)
 y - a +3 ring mail of poison resistance
 F - a +0 pair of boots (worn)
 I - a +1 cloak (worn)
Jewellery
 n - an uncursed ring of protection from magic
 s - a +2 ring of evasion
 t - a +3 ring of strength
 x - a ring of protection from magic (left hand)
 B - an uncursed ring of fire
 H - an uncursed ring of see invisible
Magical devices
 r - a wand of fire (7)
Scrolls
 i - 3 scrolls of identify
 m - 3 scrolls of blinking
 p - 5 scrolls of remove curse
 q - 2 scrolls of amnesia
 z - 2 scrolls of fog
 A - 3 scrolls of recharging
Potions
 c - a potion of agility
 h - 5 potions of curing
 j - a potion of haste
 k - 4 potions of magic
 l - a potion of berserk rage
 o - a potion of invisibility
 u - a potion of cure mutation
 J - 2 potions of might
Comestibles
 g - 13 bread rations
 D - 40 fruits
 E - 10 meat rations


   Skills:
 * Level 19.5 Fighting
 - Level 1.7 Short Blades
 - Level 15.1 Staves
 - Level 1.7 Throwing
 * Level 18.1 Armour
 - Level 8.2 Dodging
 - Level 4.8 Stealth


You had 12 spell levels left.
You didn't know any spells.

Dungeon Overview and Level Annotations

Branches:
Dungeon (1/1)

Altars:
Cheibriados
Dithmenos
Elyvilon
Fedhas
Gozag
Kikubaaqudgha
Makhleb
Nemelex Xobeh
Okawaru
Qazlal
Ru
Sif Muna
Trog
Vehumet
Xom
Yredelemnul
Zin
The Shining One
Beogh
Jiyva
Lugonu

Shops:
D [*[:


Innate Abilities, Weirdness & Mutations

You have razor-sharp teeth.
You regenerate.
When hurt, damage is shared between your health and your magic reserves.
Your bite disrupts and absorbs the magic of your enemies.
Potions and wands cannot restore your health.
You are immune to rotting.


Message History

The ice dragon tramples you.
* * * LOW HITPOINT WARNING * * *
You stumble backwards!
You slash the ice dragon!
The ice dragon is heavily wounded.
The ice dragon bites you but does no damage.
The ice dragon misses you.
The ice dragon tramples you but does no damage.
Unknown command.
You slice the ice dragon like a ripe choko!!!
You kill the ice dragon!
Trog accepts your kill.
Unknown command.
A swamp dragon comes into view.
The swamp dragon roars!
The stone giant hits you but does no damage.
You see here a robe.
Unknown command.
You completely miss the stone giant. The stone giant hits you!!
You die...

▓.♣)♣.▓[▓)▓.▓.▓.
▓D▓.♣†♣.▓[▓.▓.▓.▓.
▓.▓.▓)▓.▓[▓.▓.▓.▓.
▓T▓.▓.▓.▓.▓.▓.▓.▓.
▓D▓.▓.▓.▓)▓.▓.▓.▓.
▓T▓.▓.▓.▓)▓.▓)▓.▓'
▓D▓.▓)▓.▓)▓.▓)▓.▓.
▓C▓.▓)▓.▓)▓.▓)▓.▓.
▓@▓.▓)▓.▓)▓.▓)▓.▓.
▓)▓.▓)▓.▓)▓.▓)▓.▓.
▓.▓.▓)▓.▓)▓.▓)▓.▓.
▓.▓.▓'▓.▓)▓.▓)▓.▓(
▓.▓.▓)▓.▓.▓.▓[▓)▓.
▓.▓.▓.▓.▓.▓.▓'▓)▓)
▓.▓.▓.▓.▓.▓.▓.▓)▓!
▓.▓.▓.▓.▓.▓.▓.▓.▓.
▓.▓.▓.▓.▓)▓.▓.▓.▓.


You could see an iron dragon, an ice dragon, a stone giant, a swamp dragon, a
deep troll earth mage and a deep troll shaman.

Vanquished Creatures
  Aizul (D)
  A dire elephant (D)
  An ettin (D)
  2 fire dragons (D)
  Josephine (D)
  An ice dragon (D)
  A hydra (D)
  A rakshasa (D)
  Erolcha (D)
  2 centaur warriors (D)
  A vampire mage (D)
  Urug (D)
  An orc high priest (D)
  A shock serpent (D)
  A skeletal warrior (D)
  A shambling mangrove (D)
  An unseen horror (shapeshifter) (D)
  4 manticores (D)
  An orb spider (D)
  2 naga ritualists (D)
  2 orc knights (D)
  An ugly thing (D)
  A moth of wrath (D)
  A harpy (D)
  A water nymph (D)
  2 hornets (D)
  2 cyclopes (D)
  7 elephants (D)
  2 sirens (D)
  A naga mage (D)
  3 black mambas (D)
  A komodo dragon (D)
  A gargoyle (D)
  A yaktaur (D)
  3 spiny frogs (D)
  A slime creature (D)
  A polar bear (D)
  A snapping turtle (D)
  A bog body (D)
  2 redbacks (D)
  A spriggan (D)
  A tarantella (D)
  3 trapdoor spiders (D)
  2 yaks (D)
  A basilisk (D)
  3 wraiths (D)
  A yak (shapeshifter) (D)
  2 hungry ghosts (D)
  2 vampire mosquitoes (D)
  2 insubstantial wisps (D)
  2 nagas (D)
  13 orc warriors (D)
  A black bear (D)
  2 porcupines (D)
  2 water moccasins (D)
  2 wasps (D)
  An ogre (D)
  A centaur (D)
  A crocodile (D)
  7 giant frogs (D)
  5 orc priests (D)
  A crimson imp (D)
  5 orc wizards (D)
  A worker ant (D)
  A giant gecko (D)
  5 orcs (D)
  A hobgoblin (D)
  A ball python (D)
  A bat (D)
  A giant gecko zombie (D)
  2 giant newts (D)
135 creatures vanquished.

Vanquished Creatures (collateral kills)
  2 ettins (D)
  A yaktaur captain (D)
  A deep troll earth mage (D)
  3 orc high priests (D)
  8 orc knights (D)
15 creatures vanquished.

Vanquished Creatures (others)
  An unseen horror (D)
1 creature vanquished.

Grand Total: 151 creatures vanquished

Notes
Turn   | Place    | Note
--------------------------------------------------------------
     0 | D        | patman the Vine Stalker Assassin began the quest for the Orb.
     0 | D        | Reached XP level 1. HP: 11/11 MP: 2/2
     6 | D        | Reached skill level 1 in Dodging
    20 | D        | Noticed a worker ant
    20 | D        | Noticed an orc wizard
    20 | D        | Noticed a centaur
    35 | D        | Reached XP level 2. HP: 9/15 MP: 0/3
    36 | D        | Killed a centaur
    36 | D        | Reached skill level 7 in Dodging
    36 | D        | Reached XP level 3. HP: 10/18 MP: 0/4
    36 | D        | Reached XP level 4. HP: 12/23 MP: 0/5
    39 | D        | HP: 1/23 [orc wizard/dagger (3)]
    42 | D        | Killed a worker ant
    42 | D        | Killed an orc wizard
    42 | D        | Reached skill level 8 in Dodging
    42 | D        | Reached XP level 5. HP: 1/26 MP: 1/6
   106 | D        | Found a glowing silver altar of Zin.
   106 | D        | Found a glowing golden altar of the Shining One.
   106 | D        | Found an ancient bone altar of Kikubaaqudgha.
   106 | D        | Found a basalt altar of Yredelemnul.
   106 | D        | Found a shimmering altar of Xom.
   106 | D        | Found a radiant altar of Vehumet.
   107 | D        | Found an iron altar of Okawaru.
   108 | D        | Found a burning altar of Makhleb.
   109 | D        | Found a deep blue altar of Sif Muna.
   110 | D        | Found a bloodstained altar of Trog.
   111 | D        | Found a sparkling altar of Nemelex Xobeh.
   112 | D        | Found a white marble altar of Elyvilon.
   113 | D        | Found a roughly hewn altar of Beogh.
   114 | D        | Found a viscous altar of Jiyva.
   115 | D        | Found a corrupted altar of Lugonu.
   116 | D        | Found a blossoming altar of Fedhas.
   117 | D        | Found a snail-covered altar of Cheibriados.
   118 | D        | Found a shadowy altar of Dithmenos.
   119 | D        | Found a stormy altar of Qazlal.
   120 | D        | Found an opulent altar of Gozag.
   121 | D        | Found a sacrificial altar of Ru.
   201 | D        | Became a worshipper of Trog the Wrathful
   223 | D        | Noticed a yak
   223 | D        | Noticed a yak
   223 | D        | Noticed a hungry ghost
   223 | D        | Noticed a gargoyle
   223 | D        | Noticed a black bear
   223 | D        | Noticed a hungry ghost
   230 | D        | Killed a hungry ghost
   230 | D        | Gained mutation: You heal very quickly. [Vine Stalker growth]
   230 | D        | Reached XP level 6. HP: 28/30 MP: 7/7
   234 | D        | Killed a black bear
   243 | D        | Killed a gargoyle
   243 | D        | Reached skill level 11 in Staves
   243 | D        | Reached XP level 7. HP: 11/34 MP: 3/8
   248 | D        | Killed a hungry ghost
   255 | D        | Killed a yak
   255 | D        | Acquired Trog's first power
   255 | D        | Reached skill level 12 in Staves
   255 | D        | Gained mutation: You have razor-sharp teeth. [Vine Stalker growth]
   255 | D        | Reached XP level 8. HP: 17/38 MP: 9/9
   264 | D        | Killed a yak
   264 | D        | Reached skill level 13 in Staves
   305 | D        | Noticed an orc warrior
   305 | D        | Noticed a crimson imp
   305 | D        | Noticed a vampire mosquito
   305 | D        | Noticed an orc warrior
   305 | D        | Noticed an ogre
   305 | D        | Noticed a cyclops
   312 | D        | Killed a cyclops
   312 | D        | Reached skill level 14 in Staves
   316 | D        | Killed an ogre
   316 | D        | Acquired Trog's second power
   323 | D        | Killed an orc warrior
   326 | D        | Killed a vampire mosquito
   326 | D        | Reached XP level 9. HP: 21/42 MP: 10/10
   329 | D        | Killed a crimson imp
   329 | D        | Reached skill level 15 in Staves
   333 | D        | Killed an orc warrior
   492 | D        | Noticed a giant frog
   492 | D        | Noticed a giant frog
   492 | D        | Noticed a komodo dragon
   492 | D        | Noticed a water moccasin
   492 | D        | Noticed a giant frog
   492 | D        | Noticed a giant frog
   493 | D        | Noticed a four-headed hydra
   493 | D        | Killed a giant frog
   493 | D        | Reached skill level 1 in Armour
   499 | D        | Killed a giant frog
   501 | D        | Noticed a giant frog
   503 | D        | Noticed a spiny frog
   507 | D        | Killed a water moccasin
   589 | D        | Killed a komodo dragon
   589 | D        | Acquired Trog's third power
   593 | D        | Killed a four-headed hydra
   593 | D        | Reached skill level 5 in Armour
   594 | D        | Killed a spiny frog
   596 | D        | Killed a giant frog
   596 | D        | Reached XP level 10. HP: 51/55 MP: 11/11
   625 | D        | Killed a giant frog
   677 | D        | Killed a giant frog
   690 | D        | Noticed a porcupine
   690 | D        | Noticed a crocodile
   690 | D        | Noticed a spiny frog
   690 | D        | Noticed a polar bear
   690 | D        | Noticed a porcupine
   690 | D        | Noticed a water moccasin
   693 | D        | Killed a water moccasin
   693 | D        | Received a gift from Trog
   694 | D        | Noticed a giant frog
   694 | D        | Got a smoking lajatang {god gift}
   695 | D        | Identified the +3 lajatang of Trog {drain, +Rage Int+2} (Trog gifted it to you in the Dungeon)
   697 | D        | Noticed a giant frog
   697 | D        | Killed a porcupine
   700 | D        | Killed a polar bear
   703 | D        | Killed a spiny frog
   705 | D        | Killed a crocodile
   706 | D        | Noticed a basilisk
   708 | D        | Killed a porcupine
   710 | D        | Killed a giant frog
   712 | D        | Killed a giant frog
   719 | D        | Killed a basilisk
   736 | D        | Noticed an elephant
   736 | D        | Noticed an elephant
   736 | D        | Noticed an elephant
   736 | D        | Noticed an elephant
   736 | D        | Noticed an elephant
   736 | D        | Noticed an elephant
   750 | D        | Killed an elephant
   759 | D        | Killed an elephant
   759 | D        | Received a gift from Trog
   759 | D        | Reached skill level 10 in Fighting
   760 | D        | Got a dazzling quarterstaff {god gift}
   761 | D        | Identified the +5 quarterstaff of Joyful Slaughter {crush, Str+2 Dex+2} (Trog gifted it to you in the Dungeon)
   769 | D        | Killed an elephant
   774 | D        | Killed an elephant
   781 | D        | Killed an elephant
   786 | D        | Killed an elephant
   786 | D        | Reached skill level 10 in Armour
   786 | D        | Reached XP level 11. HP: 9/65 MP: 5/12
   863 | D        | Noticed an elephant
   871 | D        | Killed an elephant
   873 | D        | Noticed a dire elephant
   914 | D        | Killed a dire elephant
  1068 | D        | Noticed an orc priest
  1068 | D        | Noticed an orc priest
  1068 | D        | Noticed an orc wizard
  1069 | D        | Noticed an orc priest
  1076 | D        | Killed an orc wizard
  1081 | D        | Killed an orc priest
  1082 | D        | Noticed an orc priest
  1083 | D        | Killed an orc priest
  1083 | D        | Received a gift from Trog
  1085 | D        | Noticed an orc wizard
  1085 | D        | Got a brightly glowing lajatang {god gift}
  1086 | D        | Identified the +5 lajatang of Ruckum {slice, +Fly Int+2 SInv} (Trog gifted it to you in the Dungeon)
  1090 | D        | Killed an orc priest
  1097 | D        | Killed an orc priest
  1099 | D        | Noticed an orc wizard
  1099 | D        | Killed an orc wizard
  1101 | D        | Noticed an orc priest
  1105 | D        | Killed an orc wizard
  1105 | D        | Received a gift from Trog
  1107 | D        | Killed an orc priest
  1137 | D        | Noticed an orc warrior
  1137 | D        | Noticed an orc warrior
  1137 | D        | Noticed an orc warrior
  1137 | D        | Noticed an orc warrior
  1137 | D        | Noticed an orc wizard
  1137 | D        | Noticed an orc warrior
  1143 | D        | Killed an orc warrior
  1145 | D        | Killed an orc wizard
  1146 | D        | Noticed an orc warrior
  1147 | D        | Noticed an orc warrior
  1149 | D        | Noticed an orc warrior
  1150 | D        | Killed an orc warrior
  1151 | D        | Noticed an orc warrior
  1152 | D        | Killed an orc warrior
  1153 | D        | Noticed an orc warrior
  1156 | D        | Killed an orc warrior
  1159 | D        | Killed an orc warrior
  1162 | D        | Killed an orc warrior
  1214 | D        | Killed an orc warrior
  1214 | D        | Received a gift from Trog
  1215 | D        | Killed an orc warrior
  1220 | D        | Killed an orc warrior
  1224 | D        | Killed an orc warrior
  1349 | D        | Noticed an orc warrior
  1356 | D        | Killed an orc warrior
  1396 | D        | Found Onnuc's Book Boutique.
  1396 | D        | Noticed an orc knight
  1396 | D        | Noticed an orc knight
  1396 | D        | Noticed an orc knight
  1396 | D        | Noticed an orc knight
  1396 | D        | Noticed an orc knight
  1398 | D        | Noticed an orc high priest
  1400 | D        | Killed an orc knight
  1403 | D        | Killed an orc knight
  1405 | D        | Noticed an orc knight
  1413 | D        | Killed an orc knight
  1413 | D        | Received a gift from Trog
  1418 | D        | Killed an orc knight
  1420 | D        | Killed an orc knight
  1427 | D        | Killed an orc high priest
  1432 | D        | Found Tewifoss's Armour Shop.
  1436 | D        | Killed an orc knight
  1446 | D        | Found Nucirad's Assorted Antiques.
  1448 | D        | Noticed an orc knight
  1449 | D        | Found Inar's Antique Armour Shop.
  1450 | D        | Noticed an orc knight
  1451 | D        | Noticed an orc high priest
  1452 | D        | Noticed an orc knight
  1455 | D        | Noticed an orc high priest
  1459 | D        | Killed an orc knight
  1462 | D        | Killed an orc knight
  1462 | D        | Received a gift from Trog
  1467 | D        | Killed an orc high priest
  1468 | D        | Noticed an orc high priest
  1469 | D        | Killed an orc knight
  1471 | D        | Killed an orc high priest
  1471 | D        | Received a gift from Trog
  1479 | D        | Killed an orc high priest
  1553 | D        | Noticed Josephine
  1553 | D        | Noticed a wraith
  1553 | D        | Noticed a wraith
  1554 | D        | Noticed a wraith
  1559 | D        | Killed a wraith
  1559 | D        | Gained mutation: You regenerate. [Vine Stalker growth]
  1559 | D        | Reached XP level 12. HP: 74/74 MP: 13/13
  1565 | D        | Killed Josephine
  1568 | D        | Killed a wraith
  1574 | D        | Killed a wraith
  1608 | D        | Noticed Urug
  1618 | D        | Killed Urug
  1746 | D        | Noticed a yaktaur
  1746 | D        | Noticed an orc knight
  1746 | D        | Noticed a centaur warrior
  1746 | D        | Noticed an unseen horror
  1746 | D        | Noticed a manticore
  1746 | D        | Noticed a centaur warrior
  1749 | D        | Noticed a skeletal warrior
  1756 | D        | Killed a centaur warrior
  1756 | D        | Reached skill level 15 in Fighting
  1759 | D        | Killed a manticore
  1759 | D        | Received a gift from Trog
  1761 | D        | Noticed an unseen horror
  1762 | D        | Noticed an ettin
  1762 | D        | Killed an unseen horror
  1764 | D        | Noticed an ettin
  1768 | D        | Killed a centaur warrior
  1775 | D        | Killed an orc knight
  1776 | D        | Noticed a deep troll earth mage
  1778 | D        | Killed a yaktaur
  1779 | D        | Noticed a yaktaur captain
  1782 | D        | Noticed a rakshasa
  1786 | D        | Killed a skeletal warrior
  1791 | D        | Killed an unseen horror
  1791 | D        | Reached skill level 16 in Fighting
  1841 | D        | Killed an ettin
  1843 | D        | Killed an ettin
  1843 | D        | Reached skill level 15 in Armour
  1851 | D        | Killed a deep troll earth mage
  1851 | D        | Received a gift from Trog
  1853 | D        | Killed a yaktaur captain
  1861 | D        | Killed a rakshasa
  1957 | D        | Noticed a cyan ugly thing
  1960 | D        | Noticed a fire dragon
  1965 | D        | Killed a cyan ugly thing
  1975 | D        | Killed a fire dragon
  1975 | D        | Received a gift from Trog
  2033 | D        | Noticed Aizul
  2047 | D        | Killed Aizul
  2047 | D        | Reached skill level 17 in Fighting
  2047 | D        | Reached XP level 13. HP: 53/84 MP: 14/14
  2143 | D        | Noticed Erolcha
  2151 | D        | Killed Erolcha
  2197 | D        | Noticed a black mamba
  2197 | D        | Noticed a black mamba
  2197 | D        | Noticed a naga
  2197 | D        | Noticed a naga
  2197 | D        | Noticed a naga ritualist
  2197 | D        | Noticed a black mamba
  2198 | D        | Noticed a shock serpent
  2202 | D        | Killed a black mamba
  2202 | D        | Received a gift from Trog
  2206 | D        | Killed a naga ritualist
  2207 | D        | Noticed a naga ritualist
  2208 | D        | Noticed a naga mage
  2211 | D        | Killed a naga
  2214 | D        | Killed a naga
  2219 | D        | Killed a shock serpent
  2224 | D        | Killed a black mamba
  2224 | D        | Received a gift from Trog
  2225 | D        | Killed a black mamba
  2229 | D        | Killed a naga ritualist
  2234 | D        | Killed a naga mage
  2248 | D        | HP: 4/85 [poisoned by a naga ritualist (toxic radiance)]
  2254 | D        | HP: 4/85 [poisoned by a naga ritualist (toxic radiance)]
  2365 | D        | Got a polished lajatang {god gift}
  2366 | D        | Identified the +1 lajatang "Jelly's Nightmare" {venom, rN++ Str+3} (Trog gifted it to you in the Dungeon)
  2377 | D        | Noticed an insubstantial wisp
  2377 | D        | Noticed a spriggan rider
  2377 | D        | Noticed an insubstantial wisp
  2377 | D        | Noticed a hornet
  2377 | D        | Noticed a spiny frog
  2377 | D        | Noticed a shambling mangrove
  2378 | D        | Noticed a vampire mosquito
  2387 | D        | Noticed a slime creature
  2391 | D        | Killed a shambling mangrove
  2398 | D        | Killed a spiny frog
  2398 | D        | Received a gift from Trog
  2398 | D        | Reached skill level 18 in Fighting
  2401 | D        | Killed a hornet
  2403 | D        | Killed an insubstantial wisp
  2405 | D        | Noticed a bog body
  2409 | D        | Killed a wasp
  2411 | D        | Killed a spriggan
  2416 | D        | Killed an insubstantial wisp
  2419 | D        | Killed a slime creature
  2420 | D        | Killed a vampire mosquito
  2422 | D        | Killed a bog body
  2472 | D        | Noticed a tarantella
  2472 | D        | Noticed a redback
  2472 | D        | Noticed a moth of wrath
  2475 | D        | Noticed an orb spider
  2475 | D        | Killed a moth of wrath
  2476 | D        | Noticed a trapdoor spider
  2477 | D        | Noticed a hornet
  2478 | D        | Noticed a trapdoor spider
  2479 | D        | Killed a trapdoor spider
  2480 | D        | Killed a redback
  2481 | D        | Noticed a redback
  2482 | D        | Killed a tarantella
  2487 | D        | Killed an orb spider
  2487 | D        | Received a gift from Trog
  2489 | D        | Killed a trapdoor spider
  2493 | D        | Paralysed by a hornet for 2 turns
  2497 | D        | Killed a hornet
  2499 | D        | Killed a redback
  2734 | D        | Noticed a trapdoor spider
  2738 | D        | Killed a trapdoor spider
  2754 | D        | Noticed a harpy
  2754 | D        | Noticed a manticore
  2754 | D        | Noticed a cyclops
  2754 | D        | Noticed a siren
  2754 | D        | Noticed a siren
  2754 | D        | Noticed a water nymph
  2762 | D        | Killed a water nymph
  2763 | D        | Noticed a snapping turtle
  2765 | D        | Killed a siren
  2765 | D        | Received a gift from Trog
  2766 | D        | Noticed a manticore
  2767 | D        | Noticed a manticore
  2769 | D        | Killed a siren
  2776 | D        | Killed a cyclops
  2779 | D        | Killed a manticore
  2781 | D        | Killed a harpy
  2788 | D        | Killed a snapping turtle
  2788 | D        | Received a gift from Trog
  2788 | D        | Reached skill level 19 in Fighting
  2796 | D        | Killed a manticore
  2800 | D        | Killed a manticore
  2845 | D        | Got a slimy quarterstaff {god gift}
  2846 | D        | Identified the +0 quarterstaff of Temperance {crush, rN++ Int-5} (Trog gifted it to you in the Dungeon)
  2955 | D        | Noticed a stone giant
  2955 | D        | Noticed an ice dragon
  2955 | D        | Noticed a fire dragon
  2955 | D        | Noticed a polar bear
  2955 | D        | Noticed a vampire mage
  2955 | D        | Noticed an ettin
  2959 | D        | Killed an ettin
  2960 | D        | Noticed a deep troll shaman
  2961 | D        | Noticed an iron dragon
  2962 | D        | a polar bear changed into a yak
  2970 | D        | Killed a vampire mage
  2971 | D        | Noticed an ice dragon
  2985 | D        | Noticed a deep troll earth mage
  2987 | D        | Killed a fire dragon
  2993 | D        | Killed an ice dragon
  2995 | D        | Slain by a stone giant

Vault maps used:
D:        linesprint

Action                   |  1- 3 |  4- 6 |  7- 9 | 10-12 | 13-15 || total
-------------------------+-------+-------+-------+-------+-------++-------
Melee: Dagger            |    14 |       |       |       |       ||    14
       Quarterstaff      |       |    20 |    77 |    17 |       ||   114
       Lajatang          |       |       |       |   255 |   172 ||   427
 Fire: Blowgun           |     6 |     3 |       |       |       ||     9
Invok: Berserk           |       |       |     1 |     1 |       ||     2
       Brothers in Arms  |       |       |       |     5 |       ||     5
       Trog's Hand       |       |       |       |     3 |     2 ||     5
  Use: Scroll            |       |       |     2 |     1 |     2 ||     5
       Potion            |       |       |       |     1 |       ||     1
 Stab: Sleeping          |     2 |       |       |       |       ||     2
  Eat: Chunk             |       |       |     3 |     4 |       ||     7
       Meat ration       |       |       |       |     1 |     1 ||     2
